 Dungeon Crawl Stone Soup version 0.19.1 (webtiles) character file.

506 ImaNewbie the Magician (level 6, 0/45 HPs)
             Began as a Draconian Wizard on Nov 28, 2016.
             Was an Initiate of Vehumet.
             Slain by a sky beast (6 damage)
             ... on level 5 of the Dungeon.
             The game lasted 00:21:18 (5736 turns).

ImaNewbie the Magician (Draconian Wizard)           Turns: 5736, Time: 00:21:19

Health: 0/45       AC:  7    Str: 17    XL:     6   Next: 97%
Magic:  9/14       EV: 11    Int: 21    God:    Vehumet [......]
Gold:   181        SH:  0    Dex:  9    Spells: 5 memorised, 5 levels left

rFire  . . .     SeeInvis .     i - +1 short sword (freeze)
rCold  . . .     Gourm    .     (armour unavailable)
rNeg   . . .     Faith    .     (no shield)
rPois  .         Spirit   .     a - +1 hat
rElec  .         Reflect  .     (no cloak)
rCorr  .         Harm     .     (no gloves)
MR     .....                    (no boots)
Stlth  +.........               (no amulet)
                                (no ring)
                                t - +6 ring of strength

@: very slightly contaminated, heavily drained
A: unfitting armour, horns 1, deterioration 1, strong 1, cold-blooded, AC +6
a: Renounce Religion


You were on level 5 of the Dungeon.
You worshipped Vehumet.
Vehumet was noncommittal.
You were not hungry.

You visited 2 branches of the dungeon, and saw 6 of its levels.

You collected 181 gold pieces.

Inventory:

Hand Weapons
 e - a +0 club
 i - a +1 short sword of freezing (weapon)
 p - a +0 vampiric spear
Missiles
 h - 38 poisoned needles
 r - 7 needles of sleeping
Armour
 a - a +1 hat (worn)
Jewellery
 d - an uncursed amulet of harm
 t - a +6 ring of strength (left hand)
 w - an uncursed amulet of rage
Wands
 l - a wand of lightning (11/15)
 s - a wand of random effects (18/48)
Scrolls
 g - 2 scrolls of identify
 n - 2 scrolls of teleportation
 y - a scroll of remove curse
Potions
 j - a potion of cancellation
 q - a potion of agility
 u - a potion of curing
 v - a potion of invisibility
 x - a potion of flight {unknown}
Books
 b - a book of Minor Magic

   Spells                             Type                      Level
   a - Magic Dart                     Conjuration                  1
   b - Blink                          Translocation                2
   c - Call Imp                       Summoning                    2
   d - Repel Missiles                 Charms/Air                   2
   e - Slow                           Hexes                        2
   f - Conjure Flame                  Conjuration/Fire             3
   g - Mephitic Cloud                 Conjuration/Poison/Air       3
Comestibles
 c - 4 bread rations
 f - 3 meat rations
 m - a royal jelly
 z - a beef jerky


   Skills:
 - Level 1.7(0.5) Dodging
 - Level 1.7(0.5) Stealth
 + Level 5.5(4.2) Spellcasting
 + Level 5.2(3.9) Conjurations
 - Level 1.0(0.0) Summonings
   Level 1.0(0.0) Translocations


You had 5 spell levels left.
You knew the following spells:

 Your Spells              Type           Power        Failure   Level  Hunger
a - Magic Dart            Conj           ###.         2%          1    None
b - Call Imp              Summ           #.......     17%         2    #......
c - Repel Missiles        Chrm/Air       #.....       17%         2    #......
d - Conjure Flame         Conj/Fire      ##......     17%         3    ###....
e - Mephitic Cloud        Conj/Pois/Air  #.......     24%         3    ###....


Dungeon Overview and Level Annotations

Branches:
Dungeon (5/15)             Temple (1/1) D:5

Altars:
Ashenzari
Dithmenos
Fedhas
Gozag
Hepliaklqana
Kikubaaqudgha
Makhleb
Nemelex Xobeh
Okawaru
Ru
Sif Muna
Trog
Uskayaw
Vehumet
Xom
Zin
The Shining One


Innate Abilities, Weirdness & Mutations

Your plain brown scales are hard. (AC +6)
You cannot fit into any form of body armour.
You are cold-blooded and may be slowed by cold attacks.
You have a pair of small horns on your head.
Your body sometimes deteriorates upon taking damage.
Your muscles are strong. (Str +2)


Message History

You hit the sky beast. You freeze the sky beast.
Your headbutt misses the sky beast.
The sky beast is heavily wounded.
The sky beast hits you. The sky beast shocks you.
Your white imp closely misses the sky beast.
You hit the sky beast. You freeze the sky beast. You tail-slap the sky beast.
The sky beast is almost dead.
The sky beast flickers out of sight!
Deactivating autopickup; reactivate with Ctrl-A.
Something hits you. Something shocks you.
* * * LOW HITPOINT WARNING * * *
Your white imp closely misses something.
Something completely misses you.
You miss something. Your headbutt misses something.
Your tail-slap misses something.
Your white imp closely misses something.
Something hits you.
* * * LOW HITPOINT WARNING * * *
Something shocks you.
You die...

#.#
#########.#
#.#
#.........#
#.#
#.#######.#
#.# #.# ###
#≈# #.# #≈#
#.# #5# #.#
#{######.#
#.@......#
##########


You could see a friendly white imp.

Vanquished Creatures
  An ogre (D:4)
  An orc priest (D:3)
  Jessica (D:2)
  An orc wizard (D:4)
  A worker ant (D:4)
  13 adders
  3 gnolls
  A howler monkey skeleton (D:4)
  An ooze (D:2)
  An adder skeleton (D:4)
  A worm (D:2)
  4 dart slugs
  3 leopard geckos
  11 orcs
  4 giant cockroaches
  4 goblins
  8 hobgoblins
  6 jackals (D:3)
  9 kobolds
  A quokka (D:3)
  6 bats
  3 frilled lizards (D:1)
  2 leopard gecko skeletons (D:4)
  6 rats
92 creatures vanquished.

Vanquished Creatures (collateral kills)
  A centaur (D:5)
  A hound (D:4)
  An orc (D:3)
  3 jackals (D:3)
6 creatures vanquished.

Grand Total: 98 creatures vanquished

Notes
Turn   | Place    | Note
-------+----------+-------------------------------------------
     0 | D:1      | ImaNewbie the Draconian Wizard began the quest for the Orb.
     0 | D:1      | Reached XP level 1. HP: 14/14 MP: 4/4
   402 | D:1      | Reached XP level 2. HP: 17/20 MP: 0/6
  1215 | D:2      | Reached XP level 3. HP: 24/26 MP: 7/7
  1281 | D:2      | Learned a level 2 spell: Call Imp
  1284 | D:2      | Learned a level 2 spell: Repel Missiles
  1653 | D:2      | Found a shadowy altar of Dithmenos.
  1902 | D:2      | Noticed Jessica
  1936 | D:2      | Found a faded altar of an unknown god.
  2343 | D:2      | Killed Jessica
  2343 | D:2      | Reached XP level 4. HP: 28/33 MP: 6/9
  3010 | D:3      | Reached XP level 5. HP: 23/38 MP: 11/11
  3774 | D:3      | Learned a level 3 spell: Conjure Flame
  4010 | D:3      | Gained mutation: You have a pair of small horns on your head. [potion of mutation]
  4010 | D:3      | Gained mutation: Your body sometimes deteriorates upon taking damage. [potion of mutation]
  4010 | D:3      | Gained mutation: Your muscles are strong. (Str +2) [potion of mutation]
  4056 | D:4      | Reached XP level 6. HP: 40/45 MP: 5/13
  4296 | D:4      | Reached skill level 5 in Spellcasting
  4301 | D:4      | Learned a level 3 spell: Mephitic Cloud
  4568 | D:4      | Reached skill level 5 in Conjurations
  4914 | D:5      | Entered Level 5 of the Dungeon
  5338 | D:5      | Found a staircase to the Ecumenical Temple.
  5349 | Temple   | Entered the Ecumenical Temple
  5462 | Temple   | Became a worshipper of Vehumet
  5694 | D:5      | Noticed a sky beast
  5736 | D:5      | Slain by a sky beast

Skill      XL: |  1  2  3  4  5  6 |
---------------+-------------------+-----
Conjurations   | 2 3 4 5 |  5.2
Spellcasting   | 4 5 |  5.5
Dodging        | |  1.7
Stealth        | |  1.7
Summonings     | |  1.0
Translocations | |  1.0

Action                   |  1- 3 |  4- 6 || total
-------------------------+-------+-------++-------
Melee: Club              |    27 |       ||    27
       Tailslap          |     3 |     7 ||    10
       Short sword       |    59 |   173 ||   232
       Headbutt          |       |    12 ||    12
 Cast: Magic Dart        |    55 |    90 ||   145
       Call Imp          |     2 |    12 ||    14
       Repel Missiles    |     1 |     1 ||     2
  Use: Scroll            |       |    11 ||    11
       Potion            |       |     1 ||     1
 Stab: Sleeping          |     1 |     1 ||     2
  Eat: Chunk             |     4 |    11 ||    15
Armor: Skin              |    48 |    62 ||   110
Dodge: Dodged            |    78 |   127 ||   205
       Deflected         |       |     3 ||     3
